 Dungeon Crawl Stone Soup version 0.30-a0-930-gb9d0489357 (webtiles) character file.

Game seed: 1782268504508421655

95 12sPaWn12 the Trooper (level 4, -4/49 HPs)
             Began as an Ogre Berserker on Mar 23, 2023.
             Was a Believer of Trog.
             Slain by a black bear (5 damage)
             ... on level 3 of the Dungeon.
             The game lasted 00:03:41 (3095 turns).

12sPaWn12 the Trooper (Ogre Berserker)              Turns: 3095, Time: 00:03:41

Health: -4/49      AC:  3    Str: 23    XL:     4   Next: 66%
Magic:  4/4        EV:  8    Int:  8    God:    Trog [**....]
Gold:   206        SH:  5    Dex:  8    Spells: 3/3 levels left

rFire   + . .      SeeInvis .    a - +0 mace
rCold   + . .      Faith    .    r - +0 kite shield
rNeg    . . .      Spirit   .    b - +0 animal skin
rPois   +          Reflect  .    (helmet restricted)
rElec   +          Rampage  .    (no cloak)
rCorr   +                        (gloves unavailable)
Will    +....                    (boots unavailable)
Stlth   +                        (no amulet)
HPRegen 0.28/turn                h - ring of willpower
MPRegen 0.09/turn                (no ring)

@: resistant
A: large, unfitting armour, tough skin 1
a: Renounce Religion, Berserk, Trog's Hand


You were on level 3 of the Dungeon.
You worshipped Trog.
Trog was pleased with you.
You visited 1 branch of the dungeon, and saw 4 of its levels.

You collected 206 gold pieces.

Inventory:

Hand Weapons
 a - a +0 mace (weapon)
Armour
 b - a +0 animal skin (worn)
 r - a +0 kite shield (worn)
Jewellery
 h - a ring of willpower (left hand)
Wands
 q - a wand of flame (23)
Scrolls
 c - 2 scrolls of fear {unknown}
 d - a scroll of brand weapon {unknown}
 f - 6 scrolls of identify {unknown}
 g - 2 scrolls of immolation {unknown}
 i - a scroll of poison {unknown}
 o - a scroll of teleportation {unknown}
 p - a scroll of magic mapping {unknown}
Potions
 k - a potion of cancellation {unknown}
 l - a potion of haste {unknown}
 m - a potion of curing
 n - 2 potions of magic {unknown}


   Skills:
 * Level 4.6 Fighting
 * Level 3.8 Maces & Flails
 * Level 0.8 Armour
 * Level 3.3 Dodging


You had 3 spell levels left.
You didn't know any spells.
Your spell library was empty.

Dungeon Overview and Level Annotations

Branches:
Dungeon (4/15)
 Temple: D:4-7

Altars:


Innate Abilities, Weirdness & Mutations

You are too large for most types of armour.
You have tough skin. (AC +1)


Message History

The black bear is heavily wounded.
The black bear bites you. You block the black bear's attack.
The black bear barely misses you. You block the black bear's attack.
The black bear claws you. x2
You hit the black bear but do no damage.
The black bear is heavily wounded.
The black bear closely misses you.
The black bear claws you but does no damage.
The black bear claws you.
You hit the black bear but do no damage.
The black bear is heavily wounded.
The black bear barely misses you. The black bear claws you. x2
It was a potion of resistance.
You feel protected. The black bear bites you!
* * * LOW HITPOINT WARNING * * *
The black bear claws you but does no damage.
You block the black bear's attack.
The black bear attacks as you move away!
The black bear bites you.
* * * LOW HITPOINT WARNING * * *
The black bear claws you.
* * * LOW HITPOINT WARNING * * *
The black bear claws you but does no damage.
It was a potion of curing.
You feel better. The black bear closely misses you.
The black bear completely misses you. The black bear claws you.
* * * LOW HITPOINT WARNING * * *
The black bear attacks as you move away!
The black bear barely misses you.
The black bear claws you but does no damage.
You block the black bear's attack.
There is an open door here.
The black bear attacks as you move away!
You block the black bear's attack. The black bear claws you.
* * * LOW HITPOINT WARNING * * *
The black bear claws you.
* * * LOW HITPOINT WARNING * * *
The black bear attacks as you move away!
The black bear bites you.
You die...

#..# #.# #... ##.# ##'## #### #.#
##...## # #.### ##.....## ### #
#####.#.## ##...)...## ##.###
###........####.........####...##
.......>......'.........'.......#
###.###....####h........####...##
#.##....## ##@<.....######.###
#.##..### ##.....###...### #
#.....##########...###.###.####
####.##........##'## #.#.......
#.##.######.##.# #.#.#.####
#.##.#### #.##.# ##...##
#.......###.##.## ##.##
####.#..>##.....## #.#
#..#.#.#...)..####.#


You could see a black bear.

Vanquished Creatures
  An adder (D:3)
  2 worms (D:2)
  2 dart slugs (D:1)
  8 orcs (D:3)
  9 ball pythons
  4 bats
  5 endoplasms
  3 giant cockroaches
  6 goblins
  8 hobgoblins
  A quokka (D:3)
  4 frilled lizards
  2 kobolds (D:1)
  7 rats
  A bush (D:2)
63 creatures vanquished.

Vanquished Creatures (others)
  4 plants (D:2)
4 creatures vanquished.

Grand Total: 67 creatures vanquished

Notes
Turn   | Place    | Note
-------+----------+-------------------------------------------
     0 | D:1      | 12sPaWn12 the Ogre Berserker began the quest for the Orb.
     0 | D:1      | Reached XP level 1. HP: 24/24 MP: 1/1
   181 | D:1      | Reached XP level 2. HP: 31/32 MP: 2/2
   879 | D:2      | Reached XP level 3. HP: 24/40 MP: 3/3
  1530 | D:2      | Reached ** piety under Trog
  2215 | D:3      | Reached XP level 4. HP: 35/49 MP: 4/4
  3059 | D:4      | Noticed a black bear
  3093 | D:3      | HP: 1/49 [black bear (4)]
  3095 | D:3      | Slain by a black bear

Illustrated notes

Levels and vault maps discovered:
D:1:      enne_arrival_octagon_isle, layout_basic, minmay_fountain_box
D:2:      layout_basic, serial_forest, infiniplex_forest_clump_long,
          infiniplex_forest_lined_2, infiniplex_forest_clump_tiny,
          infiniplex_forest_end_2, infiniplex_forest_lined_2,
          infiniplex_forest_corner_1, infiniplex_forest_clump_curved,
          amcnicky_mini_pool_small
D:3:      layout_loops_corners, guppyfry_early_orc_mine
D:4:      layout_rooms, mainiacjoe_overflow_cross_hatched,
          minmay_misc_feat_pillars

Skill      XL: |  1  2 |
---------------+-------+-----
Maces & Flails | 3 |  3.8
Dodging        | 3 |  3.3
Fighting       | |  4.6
Armour         | |  0.8

Action                     |  1- 3 |  4- 6 || total
---------------------------+-------+-------++-------
  Melee: Mace              |   209 |    86 ||   295
         Punch             |     4 |       ||     4
    Use: Potion            |       |     4 ||     4
   Stab: Sleeping          |     2 |       ||     2
 Armour: Animal skin       |    37 |    34 ||    71
  Dodge: Dodged            |    70 |    45 ||   115
  Block: Kite shield       |       |    17 ||    17

Table legend: (Time is in decaauts)
 A = Elapsed time spent in this place.
 B = Non-inter-level travel time spent in this place.
 C = Inter-level travel time spent in this place.
 D = Time resting spent in this place.
 E = Time spent auto-exploring this place.
 F = Levels seen in this place.
 G = Mean time per level.
                   A        B        C        D        E       F      G
               +--------+--------+--------+--------+--------+-----+--------+
         Total |   3164 |   3063 |    101 |      0 |   2439 |   4 |  791.0 |
       Dungeon |   3164 |   3063 |    101 |      0 |   2439 |   4 |  791.0 |
               +--------+--------+--------+--------+--------+-----+--------+

Top non-repeatable levels by time:
     D:3: 1375 daAuts
     D:2: 1019 daAuts
     D:1: 738 daAuts
     D:4: 31 daAuts
